 Dungeon Crawl Stone Soup version 0.26-a0-689-gc93c913f66 (webtiles) character file.

Game seed: 13839333501125610177

54 DogServant the Grasshopper (level 3, 29/29 HPs)
             Began as a Draconian Warper on Oct 23, 2020.
             Quit the game on level 2 of the Dungeon.
             The game lasted 00:02:25 (1295 turns).

DogServant the Grasshopper (Draconian Warper)       Turns: 1295, Time: 00:02:26

Health: 29/29      AC:  6    Str: 14    XL:     3   Next: 66%
Magic:  7/7        EV: 12    Int: 13    God:
Gold:   68         SH:  0    Dex: 10    Spells: 6/8 levels left

rFire    . . .     SeeInvis .   a - +0 falchion
rCold    . . .     Faith    .   (no shield)
rNeg     . . .     Spirit   .   (armour unavailable)
rPois    .         Reflect  .   (helmet restricted)
rElec    .         Harm     .   (no cloak)
rCorr    .         Rampage  .   (no gloves)
MR       .....                  h - +0 pair of boots
Stlth    +.........             (no amulet)
HPRegen  0.09/turn              k - ring of flight
MPRegen  0.10/turn              (no ring)

@: no status effects
A: unfitting armour, cold-blooded, AC +5
a: Evoke Flight


You were on level 2 of the Dungeon.
You visited 1 branch of the dungeon, and saw 2 of its levels.

You collected 68 gold pieces.

Inventory:

Hand Weapons
 a - a +0 falchion (weapon)
Missiles
 d - 4 boomerangs of dispersal (quivered)
 m - 2 silver boomerangs
Armour
 h - a +0 pair of boots (worn)
Jewellery
 k - a ring of flight (left hand)
Scrolls
 b - 4 scrolls of identify {unknown}
 c - a scroll of blinking
 f - a scroll of random uselessness {unknown}
 g - a scroll of remove curse {unknown}
 l - 2 scrolls of teleportation {unknown}
 p - a scroll of magic mapping {unknown}
Potions
 e - 3 potions of flight {unknown}
 i - a potion of ambrosia {unknown}
 j - a potion of curing {unknown}
 n - a potion of mutation {unknown}
 o - 2 potions of heal wounds {unknown}


   Skills:
 - Level 2.1 Fighting
 + Level 3.0 Long Blades
 - Level 0.8 Throwing
 - Level 2.1 Dodging
 - Level 3.0 Spellcasting
 + Level 3.2 Translocations


You had 6 spell levels left.
You knew the following spells:

 Your Spells              Type           Power        Failure   Level
a - Blink                 Tloc           N/A          10%         2

Your spell library contained the following spells:

 Spells                   Type           Power        Failure   Level
 Gell's Gravitas          Tloc           ##........   19%         3
 Lesser Beckoning         Tloc           ##........   19%         3
 Teleport Other           Tloc           ##......     19%         3
 Passage of Golubria      Tloc           N/A          52%         4


Dungeon Overview and Level Annotations

Branches:
Dungeon (2/15)

Altars:
Kikubaaqudgha


Innate Abilities, Weirdness & Mutations

Your plain brown scales are hard. (AC +5)
You cannot fit into any form of body armour.
You are cold-blooded and may be slowed by cold attacks.


Message History

The bat closely misses you. The bat hits you but does no damage.
The bat hits you but does no damage. The bat misses you.
The bat hits you but does no damage.
You hit the bat.
The bat is heavily wounded.
The bat closely misses you. The bat misses you.
The bat hits you but does no damage.
You closely miss the bat.
The bat is heavily wounded.
The bat misses you.
You riposte.
You closely miss the bat.
The bat is heavily wounded.
No target in view!
No target in view!
No target in view!
No target in view!
Are you sure you want to abandon this character and quit the game? (Confirm with "yes".)
Okay, then.
Unknown command.
Are you sure you want to abandon this character and quit the game? (Confirm with "yes".)

..#.....<..........
..#.#..#.##..##..#.
.†..#..#.##..# .#..
....†........#
..#.##
.#..#.........
.....
....#.........##.#.
.#.##.[(..........
...# ..... #.# .###
.... # #@# # .#
.... #.##.##.# .#
#.......# .######
####.#### ......#
#.# .####.# #.#
....#.##########[#
.##..............#
.####.############


There were no monsters in sight!

Vanquished Creatures
  An adder (D:2)
  2 dart slugs (D:1)
  6 bats
  3 giant cockroaches
  3 goblins
  8 hobgoblins
  4 jackals (D:1)
  A frilled lizard (D:1)
  4 kobolds (D:1)
  5 rats
37 creatures vanquished.

Notes
Turn   | Place    | Note
-------+----------+-------------------------------------------
     0 | D:1      | DogServant the Draconian Warper began the quest for the
                  | Orb.
     0 | D:1      | Reached XP level 1. HP: 17/17 MP: 3/3
   162 | D:1      | Reached XP level 2. HP: 22/24 MP: 5/5
   648 | D:1      | Reached XP level 3. HP: 28/29 MP: 7/7
   652 | D:1      | Learned a level 2 spell: Blink
  1244 | D:2      | Found an ancient bone altar of Kikubaaqudgha.
  1295 | D:2      | Quit the game

Illustrated notes

Levels and vault maps discovered:
D:1:      matt_arrival_refuge, layout_loops_cross
D:2:      layout_loops_cross, kiku_gazebo_pond_becter

Skill      XL: |  1  2  3 |
---------------+----------+-----
Long Blades    | 3 |  3.0
Spellcasting   | 3 |  3.0
Fighting       | |  2.1
Throwing       | |  0.8
Dodging        | |  2.1
Translocations | |  3.2

Action                   || total
-------------------------++-------
Melee: Falchion          ||    99
       Tailslap          ||     9
Throw: Boomerang         ||     1
 Cast: Blink             ||     2
Armor: Skin              ||    57
Dodge: Dodged            ||    66
       Rpst.: Falchion   ||    24

Table legend: (Time is in decaauts)
 A = Elapsed time spent in this place.
 B = Non-inter-level travel time spent in this place.
 C = Inter-level travel time spent in this place.
 D = Time resting spent in this place.
 E = Time spent auto-exploring this place.
 F = Levels seen in this place.
 G = Mean time per level.
                   A        B        C        D        E       F      G
               +--------+--------+--------+--------+--------+-----+--------+
         Total |   1312 |   1274 |     38 |      0 |   1012 |   2 |  656.0 |
       Dungeon |   1312 |   1274 |     38 |      0 |   1012 |   2 |  656.0 |
               +--------+--------+--------+--------+--------+-----+--------+

Top non-repeatable levels by time:
     D:1: 913 daAuts
     D:2: 399 daAuts
